 Dungeon Crawl Stone Soup version 0.29.0-4-gdea44cf6ec (webtiles) character file.

Game seed: 15681904569929150299

136 qw the Chopper (level 4, -3/35 HPs)
             Began as a Demonspawn Cinder Acolyte on Sept 9, 2022.
             Was an Elder of Ignis.
             Slain by Sigmund
             ... wielding a +1 vorpal scythe
              (5 damage)
             ... on level 3 of the Dungeon.
             The game lasted 00:00:51 (2480 turns).

qw the Chopper (Demonspawn Cinder Acolyte)          Turns: 2480, Time: 00:00:51

Health: -3/35      AC: 14    Str: 16    XL:     4   Next: 98%
Magic:  5/5        EV: 10    Int: 16    God:    Ignis [****..]
Gold:   112        SH:  0    Dex:  8    Spells: 5/5 levels left

rFire   + . .      SeeInvis .   d - +0 war axe
rCold   . . .      Faith    .   (no shield)
rNeg    . . .      Spirit   .   c - +0 ring mail
rPois   .          Reflect  .   (no helmet)
rElec   .          Harm     .   (no cloak)
rCorr   .          Rampage  .   (no gloves)
Will    .....                   (no boots)
Stlth   ..........              (no amulet)
HPRegen 0.11/turn               (no ring)
MPRegen 0.09/turn               (no ring)

@: about to teleport, fiery-armoured
A: molten scales 1
a: Renounce Religion, Fiery Armour, Foxfire Swarm, Rising Flame


You were on level 3 of the Dungeon.
You worshipped Ignis.
Ignis was greatly pleased with you.
You visited 1 branch of the dungeon, and saw 3 of its levels.

You collected 112 gold pieces.


Innate Abilities, Weirdness & Mutations

You are partially covered in molten scales. (AC +2)


   Skills:
 - Level 3.0 Fighting
 - Level 5.1 Axes
 + Level 0.2 Throwing
 - Level 0.6 Dodging
 - Level 1.0 Spellcasting
 - Level 2.6 Fire Magic


You had 5 spell levels left.
You didn't know any spells.
Your spell library contained the following spells:

 Spells                   Type           Power      Damage    Failure   Level
 Scorch                   Fire           18%        2d5       22%         2

Inventory:

Hand Weapons
 d - a +0 war axe (weapon)
 Y - a -1 hand axe of flaming
Missiles
 f - 5 javelins (quivered)
Armour
 c - a +0 ring mail (worn)
 h - a +2 helmet
Scrolls
 b - a scroll of identify
Potions
 e - a potion of lignification {unknown}
 g - a potion of haste {unknown}
 i - 2 potions of mutation {unknown}

Dungeon Overview and Level Annotations

Branches:
Dungeon (3/15)

Altars:

Annotations:
D:3 Sigmund


Message History

A protective cloak of flame settles atop you.
An orc comes into view. It is wielding a +0 whip.
The orc shouts!
You hear a shout! x2
Sigmund hits you from afar with a +1 vorpal scythe.
An orc comes into view. It is wielding a +0 dagger.
The orc shouts!
An orc comes into view. It is wielding a +0 short sword.
Sigmund hits you but does no damage.
Sigmund is burned by your cloak of flames.
Sigmund is moderately wounded.
You hit Sigmund.
Sigmund is moderately wounded.
The orc priest mumbles some strange prayers to Beogh against you.
Beogh smites you! Sigmund closely misses you.
You hit Sigmund.
Sigmund is moderately wounded.
A quokka comes into view.
You closely miss Sigmund.
Sigmund is moderately wounded.
Sigmund hits you but does no damage.
You barely miss Sigmund.
Sigmund is moderately wounded.
You closely miss the orc. The orc hits you but does no damage.
The orc is burned by your cloak of flames.
The orc is almost dead.
Sigmund casts a spell.
Sigmund flickers and vanishes!
Deactivating autopickup; reactivate with Ctrl-A.
You hit the orc.
You kill the orc!
You miss something. Something hits you.
The orc priest mumbles some strange prayers to Beogh against you.
Pain shoots through your body!
2480 ||| READING scroll of teleportation.
As you read the scroll of teleportation, it crumbles to dust.
You feel strangely unstable. Something hits you.
You die...

#.......# #.#.P~~~~~~~~.,**,,,,*,
#.......# #..P~~~~~~~~~~,,*,,*,*,
#?......# #...~~~~~~~~~~,,*,,*,**
#.......###.#..P~~~~~~~.,,,,,*,,,
#.......'...#...P~~~~~..,*,,,,,,*
#.......###.#....7~~~7.P,*,,***,*
##.###### #.#.P.~~~7..P.,*,,*,,,*
...# #...P..~P...P.,,,,*,,,, ####
###...@.......,,,,,,,,*
####o{##....,,,****,* ***
##o#,,...,,,,***,* *******,***
*.#***##**,,,,*,* *,,,,,,,*,* *o#
**,*,*,* *,*,,,,,,,* *r# *,*,*,*
*,*,***,******.# *,,,,,*
*,*,,,,,,,,,,,.# *********,***
*,***,*******,,* *,,,,,,,,,,,,


You could see an orc priest, 2 orcs and a quokka.

Vanquished Creatures
  Jessica (D:2)
  Robin (D:3)
  4 adders
  A dart slug (D:2)
  An orc (D:3)
  2 endoplasms
  12 goblins
  11 hobgoblins
  2 quokkas
  6 ball pythons
  5 bats
  4 frilled lizards (D:1)
  4 kobolds
  8 rats
62 creatures vanquished.

Vanquished Creatures (others)
  2 plants (D:3)
2 creatures vanquished.

Grand Total: 64 creatures vanquished

Notes
Turn   | Place    | Note
-------+----------+-------------------------------------------
     0 | D:1      | qw the Demonspawn Cinder Acolyte began the quest for the
                  | Orb.
     0 | D:1      | Reached XP level 1. HP: 18/18 MP: 2/2
     0 | D:1      | 0 ||| qw: Version: 0.1-a-113-g051387a
     0 | D:1      | 0 ||| qw: Game counter: 6965
     0 | D:1      | 0 ||| qw: Always use a shield: true
     0 | D:1      | 0 ||| qw: God list: Okawaru
     0 | D:1      | 0 ||| qw: Allow faded altars: false
     0 | D:1      | 0 ||| qw: Do Orc after D:15 true
     0 | D:1      | 0 ||| qw: Do second Lair branch before Depths: true
     0 | D:1      | 0 ||| qw: Lair rune preference: random
     0 | D:1      | 0 ||| qw: Plans: Normal
     0 | D:1      | 0 ||| PLANNING D:1-11
    17 | D:1      | 17 ||| INVOKING Fiery Armour.
   203 | D:1      | Found a faded altar of an unknown god.
   226 | D:1      | Reached skill level 3 in Axes
   483 | D:1      | Gained mutation: You are partially covered in molten
                  | scales. (AC +2) [demonic ancestry]
   483 | D:1      | Reached XP level 2. HP: 19/24 MP: 3/3
   802 | D:1      | 802 ||| Stepping ~*~*~tactically~*~*~ (stealth).
   803 | D:1      | 803 ||| Stepping ~*~*~tactically~*~*~ (stealth).
   810 | D:1      | 810 ||| Stepping ~*~*~tactically~*~*~ (stealth).
   963 | D:1      | 963 ||| Stepping ~*~*~tactically~*~*~ (stealth).
  1040 | D:1      | 1040 ||| Stepping ~*~*~tactically~*~*~ (stealth).
  1101 | D:1      | 1101 ||| UPGRADING to +0 ring mail.
  1126 | D:1      | 1126 ||| DROPPING +0 robe.
  1145 | D:1      | 1145 ||| DROPPING +6 ring of intelligence.
  1146 | D:1      | 1146 ||| READING scroll labelled YKAH KUUTSA.
  1212 | D:1      | 1212 ||| Stepping ~*~*~tactically~*~*~ (stealth).
  1404 | D:2      | Reached XP level 3. HP: 26/29 MP: 4/4
  1404 | D:2      | 1404 ||| STAIRDANCE
  1440 | D:2      | Reached skill level 4 in Axes
  1610 | D:2      | 1610 ||| Stepping ~*~*~tactically~*~*~ (stealth).
  1611 | D:2      | 1611 ||| Stepping ~*~*~tactically~*~*~ (stealth).
  1616 | D:2      | 1616 ||| Stepping ~*~*~tactically~*~*~ (stealth).
  1685 | D:2      | Noticed Jessica
  1692 | D:2      | Killed Jessica
  1693 | D:2      | Reached XP level 4. HP: 35/35 MP: 5/5
  1736 | D:2      | 1736 ||| Stepping ~*~*~tactically~*~*~ (stealth).
  1917 | D:2      | You fall into a shaft and drop 1 floor!
  1918 | D:3      | 1918 ||| READING 2 scrolls labelled QUVAEMP GU CUV.
  1922 | D:3      | 1922 ||| READING 2 scrolls labelled QUEF NETUTABI.
  1923 | D:3      | 1923 ||| READING scroll labelled IRUQAI MIUHU.
  1928 | D:3      | Noticed Robin
  1929 | D:3      | 1929 ||| INVOKING Fiery Armour.
  1941 | D:3      | Killed Robin
  1942 | D:3      | Reached skill level 5 in Axes
  2143 | D:2      | 2143 ||| SWAPPING to +0 war axe.
  2470 | D:3      | Noticed Sigmund
  2472 | D:3      | 2472 ||| INVOKING Fiery Armour.
  2479 | D:3      | HP: 4/35 [something (6)]
  2480 | D:3      | 2480 ||| READING scroll of teleportation.
  2480 | D:3      | Slain by Sigmund

Levels and vault maps discovered:
D:1:      lightli_arrival_chessboard, layout_loops_cross,
          hellmonk_ecumenical_altar_lost_god, minmay_pentomino_t2
D:2:      layout_loops_ring, uniq_jessica
D:3:      layout_basic, guppyfry_early_lair_pool, uniq_sigmund, uniq_terence,
          uniq_robin

Skill      XL: |  1  2  3  4 |
---------------+-------------+-----
Axes           | 3 4 5 |  5.1
Fighting       | |  3.0
Throwing       | |  0.2
Dodging        | |  0.6
Spellcasting   | |  1.0
Fire Magic     | |  2.6

Action                   |  1- 3 |  4- 6 || total
-------------------------+-------+-------++-------
Melee: Hand axe          |   134 |    17 ||   151
       War axe           |       |    23 ||    23
Invok: Fiery Armour      |     1 |     2 ||     3
  Use: Scroll            |     1 |     4 ||     5
Armor: Robe              |    17 |       ||    17
       Ring mail         |    22 |    28 ||    50
Dodge: Dodged            |    74 |    18 ||    92

Table legend:
 A = Non-vault XP
 B = Vault XP
 C = Vault XP percentage of total XP
 D = Non-vault monster count
 E = Vault monster count
 F = Vault count percentage of total count
                 A         B        C        D         E       F
            +---------+---------+-------+---------+---------+-------
      Total |     122 |      73 |  37.4 |      48 |      14 |  22.6
            +---------+---------+-------+---------+---------+-------
        D:1 |      32 |       2 |   5.9 |      23 |       2 |   8.0
        D:2 |      70 |      37 |  34.6 |      20 |       1 |   4.8
        D:3 |      20 |      34 |  63.0 |       5 |      11 |  68.8
            +---------+---------+-------+---------+---------+-------
